 Dungeon Crawl Stone Soup version 0.23-a0-375-g66a18ee (webtiles) character file.

899 Garbasso the Ruffian (level 8, -1/80 HPs)
             Began as an Ogre Transmuter on Oct 26, 2018.
             Was a Follower of Ru.
             Slain by a bullfrog (6 damage)
             ... on level 5 of the Dungeon.
             The game lasted 00:18:54 (7540 turns).

Garbasso the Ruffian (Ogre Transmuter)              Turns: 7540, Time: 00:18:55

Health: -1/80      AC:  5    Str: 15    XL:     8   Next: 7%
Magic:  11/11      EV: 10    Int: 15    God:    Ru [*.....]
Gold:   134        SH:  0    Dex: 10    Spells: 1/11 levels left

rFire    . . .     SeeInvis .     - Unarmed
rCold    . . .     Gourm    .   (no shield)
rNeg     . . .     Faith    .   b - +0 robe
rPois    .         Spirit   .   (helmet restricted)
rElec    .         Reflect  .   p - +1 cloak
rCorr    .         Harm     .   (gloves unavailable)
MR       .....                  (boots unavailable)
Stlth    +.........             (no amulet)
HPRegen  0.23/turn              (no ring)
MPRegen  0.12/turn              (no ring)

@: no status effects
A: large, unfitting armour, tough skin 1, inability to train armour
a: Renounce Religion


You were on level 5 of the Dungeon.
You worshipped Ru.
Ru was aware of your devotion.
You were not hungry.

You visited 2 branches of the dungeon, and saw 7 of its levels.

You collected 224 gold pieces.
You spent 90 gold pieces at shops.

Inventory:

Missiles
 a - 43 arrows (quivered)
 l - a throwing net {=f}
Armour
 b - a +0 robe (worn)
 p - a +1 cloak (worn)
Jewellery
 n - an uncursed ring of fire
Wands
 s - a wand of random effects (16)
Scrolls
 e - 2 scrolls of identify
 g - a scroll of fog
 j - a scroll of enchant armour
 o - a scroll of remove curse
 q - a scroll of noise {unknown}
 r - a scroll of amnesia
Potions
 c - a potion of flight {unknown}
 f - a potion of lignification
 h - 3 potions of might
 i - 4 potions of curing
 k - a potion of degeneration {unknown}
 m - a potion of mutation {unknown}
Comestibles
 d - 11 rations


   Skills:
 + Level 5.0 Fighting
 - Level 1.7 Dodging
 * Level 5.6 Unarmed Combat
 - Level 2.4 Spellcasting
 + Level 4.9 Transmutations
 * Level 2.3 Ice Magic


You had one spell level left.
You knew the following spells:

 Your Spells              Type           Power        Failure   Level  Hunger
a - Beastly Appendage     Tmut           ###...       2%          1    #......
b - Sticks to Snakes      Tmut           ###.....     4%          2    ###....
c - Spider Form           Tmut/Pois      #.........   22%         3    ###....
d - Ice Form              Ice/Tmut       ##......     43%         4    #####..

Your spell library contained the following spells:

 Spells                   Type           Power        Failure   Level  Hunger
 Blade Hands              Tmut           ###.......   61%         5    ######.


Dungeon Overview and Level Annotations

Branches:
Dungeon (6/15)             Temple (1/1) D:4

Altars:
Dithmenos
Fedhas
Nemelex Xobeh
Okawaru
Ru
Sif Muna
Uskayaw
Wu Jian
Xom
Yredelemnul
Zin
The Shining One

Shops:
D:4 !

Annotations:
D:4 Menkaure


Innate Abilities, Weirdness & Mutations

You are too large for most types of armour.
You have tough skin. (AC +1)
You cannot train Armour skill.


Message History

The bullfrog hits you! The bullfrog hits you.
* * * LOW HITPOINT WARNING * * *
You hit the bullfrog.
The bullfrog is heavily wounded.
The bullfrog hits you.
* * * LOW HITPOINT WARNING * * *
You hit the bullfrog. Your punch misses the bullfrog.
The bullfrog is severely wounded.
The bullfrog is stunned by your will and fails to attack.
The bullfrog hits you.
* * * LOW HITPOINT WARNING * * *
You barely miss the bullfrog.
The bullfrog is severely wounded.
The bullfrog hits you.
* * * LOW HITPOINT WARNING * * *
You hit the bullfrog.
The bullfrog is severely wounded.
The bullfrog hits you but does no damage.
The bullfrog hits you.
You die...

####...####........#..##.##.#.#
##### #....)............#.#
#..#####.#####......# #.....##.#
#...##### ############.##.##.#
#...# #.............#.##.# #..)#
#.(.....####.......####..)#####
#.......#####.#F###...........###
#..........#....@................
#.......##.##...###...........###
#.......##.##...# #####...#######
#...............# #...# #.
##......<#).##.## #...######.
..)......#..##.# ###........#.
#........#..##.# #............
.....).........######.##..._..##.
#........#######..............##.


You could see a bullfrog.

Vanquished Creatures
  2 sky beasts
  2 ogres
  A howler monkey (D:6)
  A hound (D:6)
  A centaur skeleton (D:4)
  2 orc priests
  Crazy Yiuf (D:3)
  2 orc wizards
  An iguana (D:4)
  7 gnolls
  8 adders
  3 oozes
  An adder zombie (D:4)
  An adder skeleton (D:5)
  A dart slug (D:4)
  6 worms
  2 leopard geckos (D:2)
  15 orcs
  6 giant cockroaches
  7 goblins
  7 hobgoblins
  6 jackals
  A quokka (D:4)
  2 ball pythons
  3 bats
  5 frilled lizards
  5 kobolds
  8 rats
107 creatures vanquished.

Vanquished Creatures (collateral kills)
  A gnoll (D:6)
1 creature vanquished.

Grand Total: 108 creatures vanquished

Notes
Turn   | Place    | Note
-------+----------+-------------------------------------------
     0 | D:1      | Garbasso the Ogre Transmuter began the quest for the Orb.
     0 | D:1      | Reached XP level 1. HP: 19/19 MP: 3/3
   695 | D:1      | Reached XP level 2. HP: 28/28 MP: 3/5
   699 | D:1      | Learned a level 2 spell: Sticks to Snakes
  1002 | D:1      | Reached XP level 3. HP: 12/35 MP: 4/6
  1554 | D:2      | Learned a level 3 spell: Spider Form
  1953 | D:2      | Reached XP level 4. HP: 11/44 MP: 1/7
  2724 | D:2      | Found an ornate altar of the Wu Jian Council.
  3333 | D:3      | Reached XP level 5. HP: 47/53 MP: 5/8
  3755 | D:3      | Found a runed door.
  3760 | D:3      | Noticed Crazy Yiuf
  3770 | D:3      | Killed Crazy Yiuf
  4294 | D:3      | Reached XP level 6. HP: 61/61 MP: 7/9
  5029 | D:4      | Found Asopiz's Distillery.
  5037 | D:4      | Bought a potion of lignification for 30 gold pieces
  5037 | D:4      | Bought a potion of curing for 30 gold pieces
  5037 | D:4      | Bought a potion of curing for 30 gold pieces
  5275 | D:4      | Reached XP level 7. HP: 66/70 MP: 7/10
  5330 | D:4      | Learned a level 4 spell: Ice Form
  5471 | D:4      | Found a staircase to the Ecumenical Temple.
  5480 | Temple   | Entered the Ecumenical Temple
  5529 | Temple   | Became a worshipper of Ru the Awakened
  5604 | D:4      | Noticed Menkaure
  5864 | D:5      | Entered Level 5 of the Dungeon
  5904 | D:5      | Reached skill level 5 in Unarmed Combat
  6216 | D:5      | Found a shadowy altar of Dithmenos.
  6339 | D:5      | Reached skill level 1 in Ice Magic
  7170 | D:6      | Found a hide-covered altar of Uskayaw.
  7451 | D:6      | Gained mutation: You cannot train Armour skill. [Ru
                  | sacrifice]
  7451 | D:6      | Reached * piety under Ru
  7485 | D:6      | Reached skill level 5 in Fighting
  7485 | D:6      | Reached XP level 8. HP: 78/80 MP: 6/11
  7540 | D:5      | Slain by a bullfrog

Vault maps used:
D:1:      lemuel_arrival_rhombus
D:2:      lemuel_round_altar
D:3:      uniq_crazy_yiuf_cottage
D:4:      minmay_temple_entry_junction, serial_shops, shop,
          wad_floor_pattern_untrapped, skrybe_limestone_x,
          minmay_misc_feat_five, kennysheep_boxes, uniq_menkaure, uniq_pikel
D:5:      first_ration, basic_altar
D:6:      eat_drink_and_be_merry_uskayaw, nrook_campfire
Temple:   compressed_dpeg_triangle_lava_temple

Skill      XL: |  1  2  3  4  5  6  7 |
---------------+----------------------+-----
Transmutations | 2 3 4 |  4.9
Unarmed Combat | 3 4 5 |  5.6
Fighting       | 2 3 4 5 |  5.0
Ice Magic      | 2 |  2.3
Dodging        | |  1.7
Spellcasting   | |  2.4

Action                   |  1- 3 |  4- 6 |  7- 9 || total
-------------------------+-------+-------+-------++-------
Melee: Unarmed           |   143 |   211 |   114 ||   468
       Kick              |     8 |     3 |     2 ||    13
       Headbutt          |     1 |     7 |       ||     8
       Punch             |     1 |     3 |       ||     4
 Cast: Beastly Appendage |    10 |    16 |     2 ||    28
       Sticks to Snakes  |     2 |       |     4 ||     6
       Spider Form       |     1 |    11 |     6 ||    18
       Ice Form          |       |       |     1 ||     1
Invok: Sacrifice Durabil |       |       |     1 ||     1
 Abil: End Transformatio |     1 |       |       ||     1
  Use: Potion            |       |     1 |     1 ||     2
       Scroll            |       |    10 |     2 ||    12
  Eat: Chunk             |     4 |    13 |     5 ||    22
       Ration            |       |       |     1 ||     1
Armor: Robe              |    36 |    25 |    31 ||    92
       Skin              |     1 |     6 |     3 ||    10
Dodge: Dodged            |    65 |   115 |    86 ||   266

Table legend:
 A = Non-vault XP
 B = Vault XP
 C = Vault XP percentage of total XP
 D = Non-vault monster count
 E = Vault monster count
 F = Vault count percentage of total count
                 A         B        C        D         E       F
            +---------+---------+-------+---------+---------+-------
      Total |    1245 |      40 |   3.1 |     107 |       1 |   0.9
            +---------+---------+-------+---------+---------+-------
        D:1 |      37 |       0 |   0.0 |      19 |       0 |   0.0
        D:2 |      87 |       0 |   0.0 |      15 |       0 |   0.0
        D:3 |     173 |      40 |  18.8 |      32 |       1 |   3.0
        D:4 |     352 |       0 |   0.0 |      23 |       0 |   0.0
        D:5 |     315 |       0 |   0.0 |       9 |       0 |   0.0
        D:6 |     281 |       0 |   0.0 |       9 |       0 |   0.0
            +---------+---------+-------+---------+---------+-------
